 Dungeon Crawl Stone Soup version 0.29.0-4-gdea44cf6ec (webtiles) character file.

Game seed: 12041202479541532350

178850 qw the Warrior (level 17, 0/255 HPs)
             Began as a Minotaur Berserker on Sept 6, 2022.
             Was a High Priest of Trog.
             Succumbed to a naga's splash of poison
             ... on level 2 of the Snake Pit.
             The game lasted 00:09:37 (29005 turns).

qw the Warrior (Minotaur Berserker)                Turns: 29005, Time: 00:09:38

Health: 0/255      AC: 22    Str: 42    XL:     17   Next: 59%
Magic:  0/16       EV: 12    Int:  5    God:    Trog [*****.]
Gold:   270        SH: 10    Dex: 11    Spells: 16/16 levels left

rFire   + . .      SeeInvis +   k - +9 broad axe "Ublefi" {vorpal, rC- Str+10}
rCold   x . .      Faith    .   l - +3 warlock's mirror {reflect}
rNeg    + . .      Spirit   +   i - +0 plate armour
rPois   +          Reflect  +   (helmet restricted)
rElec   +          Harm     .   h - +0 cloak
rCorr   .          Rampage  .   f - +1 pair of gloves
Will    ++...                   a - -2 pair of boots of Foulaoh {rF+ Regen+ Int+2}
Stlth   ..........              o - amulet of guardian spirit
HPRegen 1.32/turn               r - ring "Daidiah" {rElec rPois rN+ Int+4 SInv}
MPRegen 0.15/turn               u - ring of Xerhevos {Fly Will+ Str+3 Int-5}

@: berserking, lethally poisoned (0 -> -2), flying, very quick
A: horns 2, retaliatory headbutt
a: Renounce Religion, Berserk, Trog's Hand, Brothers in Arms


You were on level 2 of the Snake Pit.
You worshipped Trog.
Trog was extremely pleased with you.
You visited 4 branches of the dungeon, and saw 24 of its levels.

You collected 2632 gold pieces.
You spent 2362 gold pieces at shops.


Innate Abilities, Weirdness & Mutations

You have a pair of horns on your head.
You reflexively headbutt those who attack you in melee.


   Skills:
 - Level 20.0 Fighting
 - Level 18.0 Axes
 - Level 5.0 Throwing
 + Level 18.5 Armour
 - Level 10.0 Dodging
 - Level 12.0 Shields


You had 16 spell levels left.
You didn't know any spells.
Your spell library was empty.

Inventory:

Hand Weapons
 k - the +9 broad axe "Ublefi" (weapon) {vorpal, rC- Str+10}
   (You acquired it on level 3 of the Dungeon)

   It inflicts extra damage upon your enemies.
   Str:       It affects your strength (+10).
   rC:        It makes you vulnerable to cold.
 z - a +2 war axe of flaming
Missiles
 c - 9 boomerangs (quivered)
Armour
 a - the -2 pair of boots of Foulaoh (worn) {rF+ Regen+ Int+2}
   (You found it on level 3 of the Lair of Beasts)

   Int:       It affects your intelligence (+2).
   rF:        It protects you from fire.
   Regen:     It increases your rate of health regeneration.
 f - a +1 pair of gloves (worn)
 h - a +0 cloak (worn)
 i - a +0 plate armour (worn)
 l - the +3 warlock's mirror (worn) {reflect}
   (You acquired it on level 3 of the Dungeon)

   It can block and reflect piercing ranged attacks and magical attacks against
   the wielder's willpower.
 y - +0 fire dragon scales
Jewellery
 j - a ring of fire
 o - an amulet of guardian spirit (around neck)
 r - the ring "Daidiah" (left hand) {rElec rPois rN+ Int+4 SInv}
   (You found it on level 11 of the Dungeon)

   [ring of positive energy]

   Int:       It affects your intelligence (+4).
   rElec:     It insulates you from electricity.
   rPois:     It protects you from poison.
   rN:        It protects you from negative energy.
   SInv:      It lets you see invisible.
 u - the ring of Xerhevos (right hand) {Fly Will+ Str+3 Int-5}
   (You bought it in a shop on level 2 of the Orcish Mines)

   [ring of willpower]

   Str:       It affects your strength (+3).
   Int:       It affects your intelligence (-5).
   Fly:       It grants you flight.
   Will:      It increases your willpower.
 w - the amulet of Hos Sura {Acrobat Harm rF- SInv}
   (You found it on level 2 of the Lair of Beasts)

   [amulet of the acrobat]

   It increases your evasion while moving and waiting.
   rF:        It makes you vulnerable to fire.
   SInv:      It lets you see invisible.
   Harm:      It increases damage dealt and taken.
 x - the amulet of Leaves {RegenMP rPois MP+9 Int+4 Dex-2}
   (You found it on level 2 of the Lair of Beasts)

   [amulet of magic regeneration]

   It increases your rate of magic regeneration.
   Int:       It affects your intelligence (+4).
   Dex:       It affects your dexterity (-2).
   rPois:     It protects you from poison.
   MP:        It affects your magic capacity (+9).
 A - a +6 ring of strength
 B - a +4 ring of protection
Scrolls
 p - 4 scrolls of enchant weapon
 t - 11 scrolls of identify
 v - 10 scrolls of teleportation
Potions
 b - 4 potions of cancellation
 d - 2 potions of might
 e - 14 potions of heal wounds
 g - 13 potions of curing
 m - a potion of haste
 n - 7 potions of mutation
 q - 3 potions of resistance

Dungeon Overview and Level Annotations

Branches:
Dungeon (15/15)            Temple (0/1) D:6            Lair (5/5) D:9
 Shoals (0/4) Lair:3        Snake (2/4) Lair:2        Slime (0/5) Lair:5
    Orc (2/2) D:11            Elf (0/3) Orc:2        Vaults (0/5) D:13
 Depths (0/4) D:15

Altars:
Cheibriados
Elyvilon
Hepliaklqana
Kikubaaqudgha
Nemelex Xobeh
Trog
Vehumet
The Shining One
Jiyva

Shops:
D:6 *   D:15 !   Orc:1 (   Orc:2 =:(?

Annotations:
D:9 3 runed translucent doors, qw's ghost, journeyman GrBe; qw's ghost, novice MiFi
D:10 1 runed translucent door
Lair:4 3 runed translucent doors, qw's ghost, journeyman TrCA
Snake:2 Vashnia


Message History

Trog appreciates your killing of a magic user.
The naga sharpshooter spits poison at you.
The splash of poison hits you but does no damage.
You are more poisoned.
You resist.
The naga sharpshooter shoots an arrow.
The arrow hits you!!
You barely miss the naga.
You feel sick.
Vashnia shoots an arrow.
The arrow barely misses you. The naga closely misses you.
You barely miss the naga. Your headbutt misses the naga.
You feel sick.
The naga sharpshooter shoots an arrow.
You reflect the arrow off your +3 warlock's mirror {reflect}!
The arrow hits the naga sharpshooter!!
You slash the naga!
The naga is moderately wounded.
You feel sick.
The naga sharpshooter shoots an arrow.
You reflect the arrow off your +3 warlock's mirror {reflect}!
The arrow hits the naga sharpshooter!!
The naga sharpshooter shoots an arrow.
The arrow hits you.
Vashnia shoots an arrow.
The arrow barely misses you. You block the naga's attack.
You slash the naga!
You headbutt the naga, but do no damage.
The naga is severely wounded.
You feel sick.
The naga sharpshooter gestures wildly while chanting.
The naga sharpshooter magically shoots an arrow.
The arrow hits you!
You cut the naga into ribbons!!!
You kill the naga!
Trog accepts your kill.
You feel sick.
The naga sharpshooter shoots an arrow.
You reflect the arrow off your +3 warlock's mirror {reflect}!
The arrow closely misses the naga sharpshooter.
The arrow hits the naga sharpshooter!!
Vashnia casts a spell.
Vashnia magically shoots an arrow.
The arrow hits you!! The naga spits poison at you.
The splash of poison hits you but does no damage.
You are lethally poisoned!
You resist.
You die...

......## ...# ########
#...# #.. #.... ###..
#....# ####.... #..NN
#....... #..NN###
##.##.... #.#NNN.#
#..###...
##.....@########.......#
.....N..#..............#
.#....))..%....#.......#
#.....##)..>..#########
........)###...#
......... #####
#........ ###..N### ####


You could see Vashnia, 5 naga sharpshooters and 3 nagas.

Vanquished Creatures
  Rupert (D:12)
  Jorgrun (D:13)
  A nagaraja (Snake:2)
  3 orc warlords
  Snorg (D:12)
  An ettin (D:15)
  A fire dragon (D:13)
  4 ogre magi
  3 anacondas
  3 boulder beetles (D:15)
  8 hydras
  Erolcha (Orc:2)
  3 catoblepae (Lair:5)
  5 centaur warriors
  8 two-headed ogres
  A merfolk aquamancer (D:12)
  A tengu warrior (D:15)
  Erica (D:8)
  7 naga warriors
  12 death yaks
  2 shock serpents (Snake:1)
  3 naga sharpshooters
  Lodul (D:12)
  5 skeletal warriors (D:12)
  A deep troll (D:15)
  A naga ritualist (Snake:1)
  2 wizards (D:15)
  A phantasmal warrior (D:13)
  An orc knight (D:15)
  A necromancer (D:15)
  3 deep elf pyromancers
  3 mana vipers
  11 orc sorcerers
  An oklob plant (Lair:1)
  12 ugly things
  4 cyclopes
  3 salamanders
  Maurice (D:12)
  4 manticores
  A merfolk siren (Lair:3)
  3 torpor snails (Lair:5)
  6 naga magi
  3 water nymphs (D:12)
  14 elephants (Lair:5)
  6 gargoyles
  Maggie (D:6)
  9 cane toads
  8 black mambas
  2 rime drakes
  An unseen horror (D:13)
  6 tengu conjurers
  An efreet (D:13)
  4 kobold demonologists (D:8)
  13 komodo dragons
  A merfolk (Lair:3)
  14 blink frogs
  7 trolls
  2 polar bears
  A slime creature (D:15)
  2 dream sheep (Lair:2)
  A centaur simulacrum (D:15)
  Sigmund (D:5)
  2 wraiths
  28 yaks
  Grum (Lair:1)
  5 wyverns
  2 steam dragons
  8 vampire mosquitoes
  A basilisk (Lair:5)
  Menkaure (D:7)
  13 nagas
  2 acid dragons
  3 wargs
  12 water moccasins
  4 ice beasts
  A sky beast (D:5)
  17 ogres
  22 orc warriors
  4 black bears
  11 centaurs
  12 wolves
  4 kobold brigands
  14 bullfrogs
  A gnoll sergeant (D:6)
  A necrophage (D:3)
  2 scorpions (Orc:1)
  15 wights
  8 killer bees
  3 electric eels
  3 howler monkeys
  2 jellies
  3 hounds
  9 orc priests
  3 gnoll boudas
  37 orc wizards
  5 iguanas
  13 hell rats
  27 gnolls
  6 adders
  A river rat (D:8)
  An ufetubus (D:5)
  3 worms
  A dart slug (D:1)
  81 orcs
  3 bats
  8 endoplasms
  A giant cockroach (D:3)
  8 goblins
  3 hobgoblins
  16 kobolds
  9 quokkas
  9 ball pythons
  5 rats
687 creatures vanquished.

Vanquished Creatures (collateral kills)
  4 hydras
  A centaur warrior (D:15)
  4 elephants (Lair:5)
  A yaktaur (D:15)
  A freezing wraith (D:15)
  A water moccasin (Lair:5)
  3 orc warriors (Orc:2)
  An orc (Orc:2)
16 creatures vanquished.

Vanquished Creatures (others)
  An electric eel (D:12)
  20 fungi
  35 plants
  6 withered plants (D:9)
62 creatures vanquished.

Grand Total: 765 creatures vanquished

Notes
Turn   | Place    | Note
-------+----------+-------------------------------------------
     0 | D:1      | qw the Minotaur Berserker began the quest for the Orb.
     0 | D:1      | Reached XP level 1. HP: 19/19 MP: 0/0
     0 | D:1      | 0 ||| qw: Version: 0.1-a-108-g9e35731
     0 | D:1      | 0 ||| qw: Game counter: 6285
     0 | D:1      | 0 ||| qw: Always use a shield: true
     0 | D:1      | 0 ||| qw: Do Orc after D:15 true
     0 | D:1      | 0 ||| qw: Do second Lair branch before Depths: true
     0 | D:1      | 0 ||| qw: Lair rune preference: random
     0 | D:1      | 0 ||| qw: Plans: Normal
     0 | D:1      | 0 ||| PLANNING D:1-11
   220 | D:1      | Reached XP level 2. HP: 26/26 MP: 1/1
   344 | D:1      | 344 ||| Stepping ~*~*~tactically~*~*~ (stealth).
   345 | D:1      | 345 ||| Stepping ~*~*~tactically~*~*~ (stealth).
   353 | D:1      | 353 ||| Stepping ~*~*~tactically~*~*~ (stealth).
   358 | D:1      | 358 ||| INVOKING Berserk.
   741 | D:1      | 741 ||| UPGRADING to +0 pair of gloves.
   746 | D:1      | 746 ||| UPGRADING to +0 leather armour.
   756 | D:1      | 756 ||| DROPPING +0 animal skin.
   757 | D:1      | 757 ||| READING scroll labelled CIUQOFR ZOPT.
   758 | D:1      | 758 ||| READING scroll labelled XOPNAOS JATI.
   759 | D:1      | 759 ||| DRINKING 2 sapphire potions.
   925 | D:2      | 925 ||| Stepping ~*~*~tactically~*~*~ (hiding).
   931 | D:2      | Reached XP level 3. HP: 30/31 MP: 2/2
  1125 | D:2      | Reached ** piety under Trog
  1280 | D:2      | 1280 ||| INVOKING Berserk.
  1766 | D:2      | 1766 ||| UPGRADING to +0 ring mail.
  1776 | D:2      | 1776 ||| DROPPING +0 leather armour.
  1777 | D:2      | 1777 ||| READING scroll labelled QAPOIK IRPHEZI.
  1778 | D:2      | 1778 ||| READING scroll labelled WULIUZXEONYS.
  1827 | D:3      | Noticed a necrophage
  1833 | D:3      | Killed a necrophage
  1834 | D:3      | Reached skill level 6 in Axes
  1834 | D:3      | Reached XP level 4. HP: 38/39 MP: 3/3
  1908 | D:3      | 1908 ||| Stepping ~*~*~tactically~*~*~ (stealth).
  1911 | D:3      | 1911 ||| Stepping ~*~*~tactically~*~*~ (stealth).
  1927 | D:3      | Reached XP level 5. HP: 44/45 MP: 4/4
  2114 | D:3      | 2114 ||| Stepping ~*~*~tactically~*~*~ (stealth).
  2116 | D:3      | 2116 ||| Stepping ~*~*~tactically~*~*~ (stealth).
  2124 | D:3      | 2124 ||| INVOKING Berserk.
  2126 | D:3      | Reached skill level 4 in Fighting
  2234 | D:3      | 2234 ||| DROPPING +0 whip.
  2620 | D:3      | 2620 ||| UPGRADING to +0 plate armour.
  2630 | D:3      | 2630 ||| DROPPING +0 ring mail.
  2631 | D:3      | 2631 ||| READING 2 scrolls labelled TOECAE JACEUS.
  2632 | D:3      | 2632 ||| READING 2 scrolls labelled INOMADGHYSEM.
  2632 | D:3      | Identified 2 scrolls of acquirement
  2632 | D:3      | 2632 ||| ACQUIRING +3 warlock's mirror {reflect}
  2632 | D:3      | Acquired the +3 warlock's mirror {reflect}
  2632 | D:3      | Found the +3 warlock's mirror {reflect}
  2634 | D:3      | 2634 ||| UPGRADING to +3 warlock's mirror {reflect}.
  2639 | D:3      | 2639 ||| READING scroll of acquirement.
  2639 | D:3      | 2639 ||| ACQUIRING +9 broad axe "Ublefi" {vorpal, rC-
                  | Str+10}
  2639 | D:3      | Acquired the +9 broad axe "Ublefi" {vorpal, rC- Str+10}
  2641 | D:3      | 2641 ||| SWAPPING to +9 broad axe "Ublefi" {vorpal, rC-
                  | Str+10}.
  2642 | D:3      | 2642 ||| DROPPING +0 hand axe.
  2643 | D:3      | 2643 ||| DROPPING scroll of blinking.
  2889 | D:4      | Reached skill level 1 in Shields
  2889 | D:4      | Reached XP level 6. HP: 53/53 MP: 5/5
  2922 | D:4      | Reached *** piety under Trog
  2923 | D:4      | Reached skill level 3 in Shields
  3163 | D:4      | Reached skill level 3 in Armour
  3275 | D:4      | Identified the +1 dagger of Makhleb's Scorn {vorpal, rPois
                  | rF+ rC- Dex+8}
  3284 | D:4      | 3284 ||| READING scroll labelled OXUOVE DAUTSEETH.
  3285 | D:4      | 3285 ||| DRINKING 2 white potions.
  3286 | D:4      | 3286 ||| DROPPING potion of degeneration.
  3306 | D:5      | Entered Level 5 of the Dungeon
  3307 | D:5      | 3307 ||| STAIRDANCE
  3309 | D:4      | 3309 ||| INVOKING Berserk.
  3417 | D:5      | 3417 ||| STAIRDANCE
  3419 | D:4      | 3419 ||| INVOKING Berserk.
  3490 | D:4      | 3490 ||| DRINKING 2 blue potions.
  3500 | D:5      | 3500 ||| STAIRDANCE
  3502 | D:4      | 3502 ||| INVOKING Berserk.
  3610 | D:5      | 3610 ||| INVOKING Berserk.
  3617 | D:5      | Noticed an ice beast
  3618 | D:5      | 3618 ||| FLEEEEING.
  3619 | D:5      | 3619 ||| STAIRDANCE
  3723 | D:5      | 3723 ||| INVOKING Berserk.
  3726 | D:5      | Killed an ice beast
  3727 | D:5      | Reached XP level 7. HP: 60/60 MP: 6/6
  3727 | D:5      | 3727 ||| STAIRDANCE
  3789 | D:5      | Reached skill level 9 in Axes
  3791 | D:5      | 3791 ||| INVOKING Berserk.
  3794 | D:5      | Reached skill level 5 in Fighting
  3902 | D:5      | 3902 ||| INVOKING Berserk.
  4161 | D:5      | Noticed Sigmund
  4165 | D:5      | 4165 ||| INVOKING Berserk.
  4168 | D:5      | Killed Sigmund
  4169 | D:5      | Reached XP level 8. HP: 69/69 MP: 7/7
  4176 | D:5      | Reached skill level 1 in Throwing
  4332 | D:5      | 4332 ||| INVOKING Berserk.
  4451 | D:5      | 4451 ||| INVOKING Berserk.
  4454 | D:5      | Reached skill level 6 in Fighting
  4657 | D:5      | 4657 ||| INVOKING Berserk.
  4929 | D:5      | 4929 ||| DROPPING +2 flail of holy wrath.
  5359 | D:5      | 5359 ||| INVOKING Berserk.
  5515 | D:5      | 5515 ||| UPGRADING to +4 ring of protection.
  5516 | D:5      | 5516 ||| READING scroll labelled FOGIKKASHROI.
  5724 | D:6      | Found a staircase to the Ecumenical Temple.
  5816 | D:6      | Found Cock's General Store.
  5824 | D:6      | 5824 ||| Stepping ~*~*~tactically~*~*~ (hiding).
  5825 | D:6      | 5825 ||| Stepping ~*~*~tactically~*~*~ (hiding).
  5853 | D:6      | 5853 ||| Stepping ~*~*~tactically~*~*~ (stealth).
  5855 | D:6      | 5855 ||| Stepping ~*~*~tactically~*~*~ (hiding).
  5856 | D:6      | 5856 ||| Stepping ~*~*~tactically~*~*~ (hiding).
  5857 | D:6      | 5857 ||| Stepping ~*~*~tactically~*~*~ (hiding).
  5858 | D:6      | 5858 ||| Stepping ~*~*~tactically~*~*~ (hiding).
  5859 | D:6      | 5859 ||| Stepping ~*~*~tactically~*~*~ (hiding).
  5929 | D:6      | 5929 ||| Stepping ~*~*~tactically~*~*~ (stealth).
  5931 | D:6      | 5931 ||| Stepping ~*~*~tactically~*~*~ (hiding).
  6094 | D:6      | Found a sparkling altar of Nemelex Xobeh.
  6106 | D:6      | Noticed Maggie
  6107 | D:6      | 6107 ||| Stepping ~*~*~tactically~*~*~ (hiding).
  6118 | D:6      | Killed Maggie
  6119 | D:6      | Reached skill level 12 in Axes
  6119 | D:6      | Reached XP level 9. HP: 70/78 MP: 8/8
  6166 | D:6      | 6166 ||| INVOKING Berserk.
  6747 | D:7      | Found a hazy altar of Hepliaklqana.
  6772 | D:7      | 6772 ||| Stepping ~*~*~tactically~*~*~ (hiding).
  6779 | D:7      | Reached skill level 7 in Fighting
  6875 | D:7      | 6875 ||| Stepping ~*~*~tactically~*~*~ (hiding).
  6894 | D:7      | 6894 ||| Stepping ~*~*~tactically~*~*~ (stealth).
  6895 | D:7      | 6895 ||| Stepping ~*~*~tactically~*~*~ (stealth).
  6900 | D:7      | Noticed Menkaure
  6907 | D:7      | 6907 ||| INVOKING Berserk.
  6908 | D:7      | Killed Menkaure
  6909 | D:7      | Reached skill level 6 in Armour
  7102 | D:7      | Identified the +2 spear "Erakku Wiot" {protect, Will+ Str+8
                  | Dex+3}
  7252 | D:7      | 7252 ||| Stepping ~*~*~tactically~*~*~ (hiding).
  7356 | D:7      | 7356 ||| READING scroll of enchant armour.
  7356 | D:7      | 7356 ||| ENCHANTING +0 pair of gloves.
  7434 | D:7      | Found a glowing golden altar of the Shining One.
  7544 | D:7      | 7544 ||| Stepping ~*~*~tactically~*~*~ (stealth).
  7546 | D:7      | 7546 ||| INVOKING Berserk.
  7694 | D:7      | 7694 ||| UPGRADING to amulet of guardian spirit.
  7699 | D:7      | 7699 ||| READING scroll labelled YSEZXUOMPI.
  7700 | D:7      | 7700 ||| READING scroll labelled DOTOZEUCOS.
  7701 | D:7      | 7701 ||| READING scroll labelled PEUMMU TEORO.
  7770 | D:6      | 7770 ||| BUYING potion of curing (39 gold).
  7770 | D:6      | Bought a potion of curing for 39 gold pieces
  7770 | D:6      | 7770 ||| BUYING potion of mutation (104 gold).
  7770 | D:6      | Bought a potion of mutation for 104 gold pieces
  7789 | D:8      | 7789 ||| Stepping ~*~*~tactically~*~*~ (hiding).
  7790 | D:8      | 7790 ||| Stepping ~*~*~tactically~*~*~ (stealth).
  7791 | D:8      | 7791 ||| INVOKING Berserk.
  7794 | D:8      | Reached skill level 8 in Fighting
  7906 | D:8      | 7906 ||| Stepping ~*~*~tactically~*~*~ (stealth).
  7907 | D:8      | 7907 ||| Stepping ~*~*~tactically~*~*~ (hiding).
  7910 | D:8      | 7910 ||| Stepping ~*~*~tactically~*~*~ (hiding).
  7911 | D:8      | 7911 ||| Stepping ~*~*~tactically~*~*~ (hiding).
  7915 | D:8      | 7915 ||| Stepping ~*~*~tactically~*~*~ (hiding).
  7921 | D:8      | 7921 ||| INVOKING Berserk.
  8064 | D:8      | Noticed Erica
  8068 | D:8      | 8068 ||| INVOKING Berserk.
  8074 | D:8      | Killed Erica
  8075 | D:8      | Reached XP level 10. HP: 90/90 MP: 9/9
  8221 | D:8      | 8221 ||| READING scroll of acquirement.
  8221 | D:8      | 8221 ||| ACQUIRING ring of fire
  8221 | D:8      | Acquired a ring of fire
  8223 | D:8      | 8223 ||| UPGRADING to ring of fire.
  8265 | D:8      | 8265 ||| Stepping ~*~*~tactically~*~*~ (stealth).
  8410 | D:8      | Found the +7 Throatcutter {drain, coup de grace}
  8412 | D:8      | Noticed an orange demon
  8419 | D:8      | 8419 ||| INVOKING Berserk.
  8420 | D:8      | Reached **** piety under Trog
  8421 | D:8      | Reached skill level 15 in Axes
  8617 | D:8      | 8617 ||| READING scroll labelled NIKKEKUDGHENK.
  8718 | D:8      | 8718 ||| DRINKING 2 fuming black potions.
  8819 | D:8      | 8819 ||| DROPPING potion of ambrosia.
  8839 | D:9      | 8839 ||| STAIRDANCE
  8839 | D:9      | Noticed a death yak
  8856 | D:9      | Noticed a death yak
  8857 | D:9      | 8857 ||| STAIRDANCE
  8860 | D:8      | Reached skill level 9 in Fighting
  8863 | D:9      | Noticed a death yak
  8864 | D:9      | 8864 ||| STAIRDANCE
  8866 | D:8      | 8866 ||| INVOKING Berserk.
  8996 | D:9      | 8996 ||| STAIRDANCE
  9003 | D:9      | 9003 ||| STAIRDANCE
  9005 | D:8      | 9005 ||| INVOKING Berserk.
  9008 | D:8      | Killed a death yak
  9009 | D:8      | Killed a death yak
  9099 | D:9      | 9099 ||| STAIRDANCE
  9104 | D:9      | 9104 ||| STAIRDANCE
  9155 | D:9      | 9155 ||| STAIRDANCE
  9162 | D:9      | 9162 ||| STAIRDANCE
  9185 | D:9      | 9185 ||| STAIRDANCE
  9187 | D:8      | 9187 ||| INVOKING Berserk.
  9194 | D:8      | Killed a death yak
  9195 | D:8      | Reached XP level 11. HP: 97/97 MP: 7/10
  9344 | D:9      | 9344 ||| STAIRDANCE
  9346 | D:9      | 9346 ||| STAIRDANCE
  9348 | D:9      | 9348 ||| STAIRDANCE
  9350 | D:9      | 9350 ||| STAIRDANCE
  9357 | D:9      | 9357 ||| STAIRDANCE
  9363 | D:9      | 9363 ||| INVOKING Berserk.
  9414 | D:9      | 9414 ||| FLEEEEING.
  9416 | D:9      | 9416 ||| STAIRDANCE
  9425 | D:9      | Found a staircase to the Lair.
  9449 | D:9      | 9449 ||| Stepping ~*~*~tactically~*~*~ (stealth).
  9451 | D:9      | 9451 ||| Stepping ~*~*~tactically~*~*~ (stealth).
  9456 | D:9      | 9456 ||| Stepping ~*~*~tactically~*~*~ (hiding).
  9460 | D:9      | 9460 ||| INVOKING Berserk.
  9668 | D:9      | Identified the ring of Urei {Wiz Dex+4}
  9828 | D:9      | 9828 ||| FLEEEEING.
  9847 | D:9      | 9847 ||| FLEEEEING.
  9848 | D:9      | 9848 ||| FLEEEEING.
  9849 | D:9      | 9849 ||| FLEEEEING.
  9850 | D:9      | 9850 ||| FLEEEEING.
  9851 | D:9      | 9851 ||| FLEEEEING.
  9852 | D:9      | 9852 ||| FLEEEEING.
  9853 | D:9      | 9853 ||| FLEEEEING.
  9854 | D:9      | 9854 ||| FLEEEEING.
  9855 | D:9      | 9855 ||| FLEEEEING.
  9856 | D:9      | 9856 ||| FLEEEEING.
  9857 | D:9      | 9857 ||| FLEEEEING.
  9862 | D:9      | 9862 ||| STAIRDANCE
  9966 | D:8      | 9966 ||| READING scroll labelled DITOT MOQ XEM.
  9967 | D:8      | 9967 ||| READING scroll labelled HUHEUFR FE PETZ.
 10020 | D:9      | 10020 ||| Stepping ~*~*~tactically~*~*~ (stealth).
 10021 | D:9      | 10021 ||| INVOKING Berserk.
 10166 | D:9      | Found a runed translucent gate.
 10166 | D:9      | Found a runed translucent gate.
 10166 | D:9      | Noticed qw's ghost (novice MiFi)
 10166 | D:9      | Noticed qw's ghost (journeyman GrBe)
 10167 | D:9      | Found a runed translucent gate.
 10298 | D:9      | 10298 ||| PLANNING LAIR
 10314 | Lair:1   | Entered Level 1 of the Lair of Beasts
 10316 | Lair:1   | 10316 ||| Stepping ~*~*~tactically~*~*~ (stealth).
 10317 | Lair:1   | 10317 ||| Stepping ~*~*~tactically~*~*~ (stealth).
 10328 | Lair:1   | 10328 ||| INVOKING Berserk.
 10331 | Lair:1   | Reached skill level 6 in Shields
 10411 | Lair:1   | Noticed Grum
 10414 | Lair:1   | 10414 ||| INVOKING Berserk.
 10418 | Lair:1   | Killed Grum
 10555 | Lair:1   | 10555 ||| INVOKING Berserk.
 10634 | Lair:1   | Noticed a five-headed hydra
 10635 | Lair:1   | 10635 ||| INVOKING Brothers in Arms.
 10636 | Lair:1   | 10636 ||| SWAPPING to +4 flail.
 10637 | Lair:1   | 10637 ||| REMOVING ring of fire.
 10638 | Lair:1   | 10638 ||| INVOKING Berserk.
 10643 | Lair:1   | Killed a five-headed hydra
 10659 | Lair:1   | Noticed a six-headed hydra
 10660 | Lair:1   | 10660 ||| SWAPPING to +9 broad axe "Ublefi" {vorpal, rC-
                  | Str+10}.
 10662 | Lair:1   | 10662 ||| INVOKING Brothers in Arms.
 10663 | Lair:1   | 10663 ||| INVOKING Brothers in Arms.
 10664 | Lair:1   | 10664 ||| SWAPPING to +4 flail.
 10665 | Lair:1   | 10665 ||| INVOKING Brothers in Arms.
 10667 | Lair:1   | Killed a six-headed hydra
 10668 | Lair:1   | 10668 ||| SWAPPING to +9 broad axe "Ublefi" {vorpal, rC-
                  | Str+10}.
 10741 | Lair:1   | 10741 ||| INVOKING Berserk.
 10747 | Lair:1   | Reached skill level 10 in Fighting
 10872 | Lair:1   | 10872 ||| INVOKING Berserk.
 10906 | Lair:1   | 10906 ||| Stepping ~*~*~tactically~*~*~ (stealth).
 10918 | Lair:1   | 10918 ||| INVOKING Berserk.
 11028 | Lair:1   | 11028 ||| INVOKING Berserk.
 11039 | Lair:1   | 11039 ||| Stepping ~*~*~tactically~*~*~ (stealth).
 11040 | Lair:1   | 11040 ||| Stepping ~*~*~tactically~*~*~ (stealth).
 11050 | Lair:1   | 11050 ||| Stepping ~*~*~tactically~*~*~ (stealth).
 11052 | Lair:1   | 11052 ||| Stepping ~*~*~tactically~*~*~ (stealth).
 11054 | Lair:1   | 11054 ||| Stepping ~*~*~tactically~*~*~ (stealth).
 11056 | Lair:1   | 11056 ||| Stepping ~*~*~tactically~*~*~ (stealth).
 11156 | Lair:1   | 11156 ||| INVOKING Berserk.
 11293 | Lair:1   | 11293 ||| INVOKING Berserk.
 11447 | Lair:1   | 11447 ||| INVOKING Berserk.
 11556 | Lair:1   | Found the +1 robe of Vines {NoPotionHeal Regen++++}
 11559 | Lair:1   | 11559 ||| INVOKING Berserk.
 11675 | Lair:1   | Noticed an oklob plant
 11681 | Lair:1   | 11681 ||| INVOKING Berserk.
 11684 | Lair:1   | Killed an oklob plant
 11685 | Lair:1   | Reached skill level 18 in Axes
 11858 | Lair:1   | Found a white marble altar of Elyvilon.
 11970 | Lair:1   | You fall into a shaft and drop 1 floor!
 11970 | Lair:2   | Found a staircase to the Snake Pit.
 11975 | Lair:2   | 11975 ||| Stepping ~*~*~tactically~*~*~ (hiding).
 11977 | Lair:2   | 11977 ||| Stepping ~*~*~tactically~*~*~ (hiding).
 11978 | Lair:2   | 11978 ||| Stepping ~*~*~tactically~*~*~ (hiding).
 11980 | Lair:2   | 11980 ||| Stepping ~*~*~tactically~*~*~ (hiding).
 11981 | Lair:2   | 11981 ||| Stepping ~*~*~tactically~*~*~ (hiding).
 11992 | Lair:2   | Reached XP level 12. HP: 57/106 MP: 6/11
 12311 | Lair:2   | Identified the amulet of Hos Sura {Acrobat Harm rF- SInv}
 12634 | Lair:2   | Noticed an eight-headed hydra
 12636 | Lair:2   | 12636 ||| Stepping ~*~*~tactically~*~*~ (stealth).
 12637 | Lair:2   | 12637 ||| Stepping ~*~*~tactically~*~*~ (stealth).
 12644 | Lair:2   | 12644 ||| SWAPPING to +4 flail.
 12645 | Lair:2   | 12645 ||| INVOKING Berserk.
 12651 | Lair:2   | Killed an eight-headed hydra
 12664 | Lair:2   | 12664 ||| SWAPPING to +9 broad axe "Ublefi" {vorpal, rC-
                  | Str+10}.
 12670 | Lair:2   | Reached skill level 9 in Armour
 12831 | Lair:2   | Identified the amulet of Leaves {RegenMP rPois MP+9 Int+4
                  | Dex-2}
 12862 | Lair:2   | 12862 ||| INVOKING Berserk.
 12980 | Lair:2   | 12980 ||| INVOKING Berserk.
 13243 | Lair:2   | Noticed a seven-headed hydra
 13246 | Lair:2   | 13246 ||| SWAPPING to +4 flail.
 13248 | Lair:2   | 13248 ||| INVOKING Berserk.
 13251 | Lair:2   | Killed a seven-headed hydra
 13252 | Lair:2   | Reached skill level 11 in Fighting
 13276 | Lair:2   | 13276 ||| SWAPPING to +9 broad axe "Ublefi" {vorpal, rC-
                  | Str+10}.
 13378 | Lair:2   | 13378 ||| UPGRADING to amulet of Leaves {RegenMP rPois MP+9
                  | Int+4 Dex-2}.
 13388 | Lair:2   | 13388 ||| UPGRADING to ring of Urei {Wiz Dex+4}.
 13389 | Lair:2   | 13389 ||| UPGRADING to ring of fire.
 13391 | Lair:2   | 13391 ||| DROPPING ring of flight.
 13392 | Lair:2   | 13392 ||| DRINKING 2 grey potions.
 13393 | Lair:2   | 13393 ||| DRINKING 2 bubbling purple potions.
 13394 | Lair:2   | 13394 ||| DROPPING potion of flight.
 13679 | Lair:1   | 13679 ||| READING 2 scrolls of identify.
 13679 | Lair:1   | 13679 ||| IDENTIFYING glowing blue potion
 13680 | Lair:1   | 13680 ||| DROPPING potion of magic.
 13865 | Lair:2   | 13865 ||| Stepping ~*~*~tactically~*~*~ (stealth).
 13871 | Lair:2   | 13871 ||| Stepping ~*~*~tactically~*~*~ (stealth).
 13994 | Lair:2   | 13994 ||| READING 2 scrolls of identify.
 13994 | Lair:2   | 13994 ||| IDENTIFYING lumpy coppery potion
 13995 | Lair:2   | 13995 ||| DROPPING potion of lignification.
 14137 | Lair:3   | 14137 ||| Stepping ~*~*~tactically~*~*~ (stealth).
 14138 | Lair:3   | 14138 ||| Stepping ~*~*~tactically~*~*~ (stealth).
 14139 | Lair:3   | 14139 ||| INVOKING Berserk.
 14144 | Lair:3   | Reached skill level 12 in Fighting
 14316 | Lair:3   | 14316 ||| INVOKING Berserk.
 14503 | Lair:3   | Identified the +3 leather armour of Classification {Drain
                  | rElec rC+++ Str+3}
 14645 | Lair:3   | Identified the -2 pair of boots of Foulaoh {rF+ Regen+
                  | Int+2}
 14702 | Lair:3   | 14702 ||| Stepping ~*~*~tactically~*~*~ (hiding).
 14845 | Lair:3   | Identified the +11 scimitar "Pifer" {venom, rN+ Str+9}
 15046 | Lair:3   | 15046 ||| FLEEEEING.
 15154 | Lair:3   | Found a staircase to the Shoals.
 15248 | Lair:3   | 15248 ||| UPGRADING to -2 pair of boots of Foulaoh {rF+
                  | Regen+ Int+2}.
 15253 | Lair:3   | 15253 ||| UPGRADING to ring of Urei {Wiz Dex+4}.
 15331 | Lair:4   | Found a runed translucent gate.
 15331 | Lair:4   | Found a runed translucent gate.
 15331 | Lair:4   | Found a runed translucent gate.
 15333 | Lair:4   | Noticed qw's ghost (journeyman TrCA)
 15363 | Lair:4   | 15363 ||| INVOKING Berserk.
 15576 | Lair:4   | Reached skill level 6 in Dodging
 15650 | Lair:4   | 15650 ||| Stepping ~*~*~tactically~*~*~ (stealth).
 15652 | Lair:4   | 15652 ||| Stepping ~*~*~tactically~*~*~ (stealth).
 15655 | Lair:4   | 15655 ||| INVOKING Berserk.
 15666 | Lair:4   | 15666 ||| FLEEEEING.
 15669 | Lair:4   | 15669 ||| STAIRDANCE
 15771 | Lair:3   | 15771 ||| READING 2 scrolls of identify.
 15771 | Lair:3   | 15771 ||| IDENTIFYING smoky cyan potion
 15772 | Lair:3   | 15772 ||| DRINKING potion of experience.
 15772 | Lair:3   | Reached XP level 13. HP: 119/119 MP: 12/12
 15781 | Lair:4   | 15781 ||| INVOKING Berserk.
 15969 | Lair:4   | 15969 ||| Stepping ~*~*~tactically~*~*~ (stealth).
 15988 | Lair:4   | 15988 ||| Stepping ~*~*~tactically~*~*~ (stealth).
 16194 | Lair:4   | 16194 ||| INVOKING Berserk.
 16461 | Lair:5   | Entered Level 5 of the Lair of Beasts
 16474 | Lair:5   | 16474 ||| INVOKING Brothers in Arms.
 16476 | Lair:5   | 16476 ||| SWAPPING to +4 flail.
 16478 | Lair:5   | 16478 ||| INVOKING Berserk.
 16486 | Lair:5   | Reached skill level 13 in Fighting
 16494 | Lair:5   | 16494 ||| SWAPPING to +9 broad axe "Ublefi" {vorpal, rC-
                  | Str+10}.
 16496 | Lair:5   | Reached skill level 3 in Throwing
 16500 | Lair:5   | Reached XP level 14. HP: 101/129 MP: 13/13
 16505 | Lair:5   | Reached skill level 9 in Shields
 16663 | Lair:5   | 16663 ||| Stepping ~*~*~tactically~*~*~ (hiding).
 16666 | Lair:5   | 16666 ||| INVOKING Berserk.
 16786 | Lair:5   | 16786 ||| Stepping ~*~*~tactically~*~*~ (stealth).
 16790 | Lair:5   | 16790 ||| Stepping ~*~*~tactically~*~*~ (stealth).
 16792 | Lair:5   | 16792 ||| INVOKING Berserk.
 16810 | Lair:5   | Reached skill level 14 in Fighting
 16853 | Lair:5   | 16853 ||| Stepping ~*~*~tactically~*~*~ (stealth).
 16862 | Lair:5   | 16862 ||| Stepping ~*~*~tactically~*~*~ (stealth).
 16874 | Lair:5   | 16874 ||| INVOKING Berserk.
 16888 | Lair:5   | 16888 ||| Stepping ~*~*~tactically~*~*~ (cloud).
 17050 | Lair:5   | 17050 ||| Stepping ~*~*~tactically~*~*~ (cloud).
 17056 | Lair:5   | 17056 ||| INVOKING Berserk.
 17241 | Lair:5   | 17241 ||| Stepping ~*~*~tactically~*~*~ (stealth).
 17242 | Lair:5   | 17242 ||| Stepping ~*~*~tactically~*~*~ (stealth).
 17246 | Lair:5   | 17246 ||| INVOKING Brothers in Arms.
 17249 | Lair:5   | 17249 ||| SWAPPING to +4 flail.
 17251 | Lair:5   | 17251 ||| INVOKING Berserk.
 17252 | Lair:5   | Reached skill level 15 in Fighting
 17269 | Lair:5   | 17269 ||| SWAPPING to +9 broad axe "Ublefi" {vorpal, rC-
                  | Str+10}.
 17276 | Lair:5   | 17276 ||| FLEEEEING.
 17280 | Lair:5   | 17280 ||| FLEEEEING.
 17281 | Lair:5   | 17281 ||| FLEEEEING.
 17282 | Lair:5   | 17282 ||| FLEEEEING.
 17283 | Lair:5   | 17283 ||| FLEEEEING.
 17284 | Lair:5   | 17284 ||| FLEEEEING.
 17285 | Lair:5   | 17285 ||| FLEEEEING.
 17286 | Lair:5   | 17286 ||| FLEEEEING.
 17287 | Lair:5   | 17287 ||| FLEEEEING.
 17288 | Lair:5   | 17288 ||| STAIRDANCE
 17484 | Lair:5   | 17484 ||| INVOKING Berserk.
 17492 | Lair:5   | 17492 ||| STAIRDANCE
 17698 | Lair:5   | 17698 ||| INVOKING Berserk.
 17869 | Lair:5   | 17869 ||| Stepping ~*~*~tactically~*~*~ (stealth).
 17870 | Lair:5   | 17870 ||| Stepping ~*~*~tactically~*~*~ (stealth).
 17871 | Lair:5   | 17871 ||| Stepping ~*~*~tactically~*~*~ (stealth).
 17873 | Lair:5   | 17873 ||| Stepping ~*~*~tactically~*~*~ (stealth).
 17875 | Lair:5   | 17875 ||| INVOKING Brothers in Arms.
 17876 | Lair:5   | 17876 ||| SWAPPING to +4 flail.
 17877 | Lair:5   | 17877 ||| INVOKING Berserk.
 17887 | Lair:5   | 17887 ||| SWAPPING to +9 broad axe "Ublefi" {vorpal, rC-
                  | Str+10}.
 18067 | Lair:5   | Found a staircase to the Slime Pits.
 18067 | Lair:5   | Found a viscous altar of Jiyva.
 18329 | Lair:5   | Found a snail-covered altar of Cheibriados.
 18356 | Lair:5   | 18356 ||| INVOKING Berserk.
 18391 | Lair:5   | 18391 ||| INVOKING Brothers in Arms.
 18392 | Lair:5   | 18392 ||| INVOKING Brothers in Arms.
 18393 | Lair:5   | 18393 ||| INVOKING Brothers in Arms.
 18394 | Lair:5   | 18394 ||| INVOKING Brothers in Arms.
 18395 | Lair:5   | 18395 ||| INVOKING Brothers in Arms.
 18396 | Lair:5   | 18396 ||| SWAPPING to +4 flail.
 18405 | Lair:5   | 18405 ||| SWAPPING to +9 broad axe "Ublefi" {vorpal, rC-
                  | Str+10}.
 18626 | Lair:5   | 18626 ||| PLANNING D:1-11
 18626 | Lair:5   | 18626 ||| DRINKING 2 fuming dark potions.
 18627 | Lair:5   | 18627 ||| DRINKING 2 sedimented black potions.
 18732 | Lair:5   | 18732 ||| DROPPING potion of brilliance.
 18733 | Lair:5   | 18733 ||| DROPPING potion of berserk rage.
 18865 | D:10     | Entered Level 10 of the Dungeon
 18897 | D:10     | Found a runed translucent door.
 19053 | D:10     | Reached skill level 16 in Fighting
 19242 | D:10     | 19242 ||| Stepping ~*~*~tactically~*~*~ (stealth).
 19248 | D:10     | 19248 ||| Stepping ~*~*~tactically~*~*~ (hiding).
 19250 | D:10     | 19250 ||| Stepping ~*~*~tactically~*~*~ (hiding).
 19265 | D:10     | 19265 ||| Stepping ~*~*~tactically~*~*~ (stealth).
 19266 | D:10     | 19266 ||| Stepping ~*~*~tactically~*~*~ (stealth).
 19355 | D:10     | 19355 ||| Stepping ~*~*~tactically~*~*~ (hiding).
 19798 | D:10     | 19798 ||| READING scroll labelled PAMOFR RIGA.
 19799 | D:10     | 19799 ||| READING 2 scrolls of identify.
 19799 | D:10     | 19799 ||| IDENTIFYING sedimented ruby potion
 19950 | D:11     | Found a radiant altar of Vehumet.
 19963 | D:11     | 19963 ||| Stepping ~*~*~tactically~*~*~ (hiding).
 20082 | D:11     | Identified the ring "Daidiah" {rElec rPois rN+ Int+4 SInv}
 20106 | D:11     | 20106 ||| DROPPING +4 flail.
 20157 | D:11     | 20157 ||| Stepping ~*~*~tactically~*~*~ (stealth).
 20167 | D:11     | 20167 ||| Stepping ~*~*~tactically~*~*~ (stealth).
 20174 | D:11     | 20174 ||| Stepping ~*~*~tactically~*~*~ (stealth).
 20219 | D:11     | Found a staircase to the Orcish Mines.
 20263 | D:11     | 20263 ||| Stepping ~*~*~tactically~*~*~ (stealth).
 20301 | D:11     | 20301 ||| Stepping ~*~*~tactically~*~*~ (hiding).
 20304 | D:11     | 20304 ||| Stepping ~*~*~tactically~*~*~ (hiding).
 20321 | D:11     | 20321 ||| Stepping ~*~*~tactically~*~*~ (stealth).
 20322 | D:11     | 20322 ||| Stepping ~*~*~tactically~*~*~ (stealth).
 20371 | D:11     | 20371 ||| Stepping ~*~*~tactically~*~*~ (stealth).
 20372 | D:11     | 20372 ||| Stepping ~*~*~tactically~*~*~ (stealth).
 20396 | D:11     | Identified the +11 short sword of Xioj {holy, rC+ rN+ Dex-4
                  | SInv}
 20595 | D:11     | 20595 ||| PLANNING D
 20595 | D:11     | 20595 ||| UPGRADING to ring "Daidiah" {rElec rPois rN+
                  | Int+4 SInv}.
 20597 | D:11     | 20597 ||| REMOVING amulet of Leaves {RegenMP rPois MP+9
                  | Int+4 Dex-2}.
 20602 | D:11     | 20602 ||| UPGRADING to amulet of guardian spirit.
 20607 | D:11     | 20607 ||| UPGRADING to +4 ring of protection.
 20629 | D:12     | 20629 ||| STAIRDANCE
 20634 | D:12     | 20634 ||| STAIRDANCE
 20636 | D:11     | 20636 ||| INVOKING Brothers in Arms.
 20637 | D:11     | 20637 ||| INVOKING Brothers in Arms.
 20638 | D:11     | 20638 ||| INVOKING Brothers in Arms.
 20639 | D:11     | 20639 ||| INVOKING Brothers in Arms.
 20640 | D:11     | 20640 ||| INVOKING Brothers in Arms.
 20641 | D:11     | 20641 ||| INVOKING Brothers in Arms.
 20642 | D:11     | 20642 ||| INVOKING Brothers in Arms.
 20643 | D:11     | 20643 ||| INVOKING Brothers in Arms.
 20644 | D:11     | 20644 ||| INVOKING Brothers in Arms.
 20645 | D:11     | 20645 ||| INVOKING Brothers in Arms.
 20646 | D:11     | 20646 ||| INVOKING Brothers in Arms.
 20647 | D:11     | 20647 ||| SWAPPING to +0 morningstar.
 20648 | D:11     | 20648 ||| INVOKING Berserk.
 20648 | D:11     | HP: 51/207 [six-headed hydra (3)]
 20699 | D:11     | 20699 ||| SWAPPING to +9 broad axe "Ublefi" {vorpal, rC-
                  | Str+10}.
 20752 | D:12     | Noticed Lodul
 20753 | D:12     | 20753 ||| Stepping ~*~*~tactically~*~*~ (hiding).
 20758 | D:12     | 20758 ||| Stepping ~*~*~tactically~*~*~ (hiding).
 20760 | D:12     | 20760 ||| Stepping ~*~*~tactically~*~*~ (hiding).
 20767 | D:12     | 20767 ||| INVOKING Berserk.
 20769 | D:12     | Killed Lodul
 20773 | D:12     | Reached XP level 15. HP: 146/146 MP: 11/14
 20779 | D:12     | Reached skill level 17 in Fighting
 20823 | D:12     | 20823 ||| Stepping ~*~*~tactically~*~*~ (stealth).
 20859 | D:12     | 20859 ||| Stepping ~*~*~tactically~*~*~ (hiding).
 20927 | D:12     | Noticed Maurice
 20933 | D:12     | 20933 ||| Stepping ~*~*~tactically~*~*~ (hiding).
 20940 | D:12     | Killed Maurice
 21109 | D:12     | Noticed Snorg
 21114 | D:12     | 21114 ||| INVOKING Berserk.
 21117 | D:12     | Killed Snorg
 21262 | D:12     | 21262 ||| INVOKING Berserk.
 21268 | D:12     | Noticed Rupert
 21277 | D:12     | 21277 ||| INVOKING Trog's Hand.
 21278 | D:12     | 21278 ||| Stepping ~*~*~tactically~*~*~ (water).
 21285 | D:12     | Killed Rupert
 21286 | D:12     | Reached skill level 15 in Armour
 21375 | D:12     | 21375 ||| Stepping ~*~*~tactically~*~*~ (hiding).
 21599 | D:12     | 21599 ||| INVOKING Berserk.
 21971 | D:12     | 21971 ||| UPGRADING to +0 cloak.
 21976 | D:12     | 21976 ||| READING 5 scrolls of identify.
 21976 | D:12     | 21976 ||| IDENTIFYING dark potion
 21977 | D:12     | 21977 ||| READING 4 scrolls of identify.
 21977 | D:12     | 21977 ||| IDENTIFYING inky potion
 22047 | D:13     | Noticed Jorgrun
 22051 | D:13     | 22051 ||| INVOKING Berserk.
 22056 | D:13     | Killed Jorgrun
 22242 | D:13     | 22242 ||| Stepping ~*~*~tactically~*~*~ (hiding).
 22684 | D:13     | 22684 ||| INVOKING Berserk.
 22808 | D:13     | Found a gate to the Vaults.
 22812 | D:13     | Identified the +7 trident of the Baking Gods {vamp, Will+
                  | Str+4 Stlth-}
 22944 | D:14     | 22944 ||| Stepping ~*~*~tactically~*~*~ (stealth).
 22947 | D:14     | 22947 ||| Stepping ~*~*~tactically~*~*~ (stealth).
 23061 | D:14     | 23061 ||| SWAPPING to +0 morningstar.
 23063 | D:14     | 23063 ||| INVOKING Berserk.
 23081 | D:14     | 23081 ||| SWAPPING to +9 broad axe "Ublefi" {vorpal, rC-
                  | Str+10}.
 23438 | D:14     | 23438 ||| Stepping ~*~*~tactically~*~*~ (hiding).
 23604 | D:14     | 23604 ||| DROPPING ring of Urei {Wiz Dex+4}.
 23605 | D:14     | 23605 ||| READING scroll labelled TOTISIZUIM.
 23627 | D:15     | Entered Level 15 of the Dungeon
 23635 | D:15     | 23635 ||| INVOKING Trog's Hand.
 23636 | D:15     | 23636 ||| INVOKING Berserk.
 23811 | D:15     | 23811 ||| Stepping ~*~*~tactically~*~*~ (hiding).
 23821 | D:15     | 23821 ||| Stepping ~*~*~tactically~*~*~ (stealth).
 23825 | D:15     | 23825 ||| Stepping ~*~*~tactically~*~*~ (stealth).
 23828 | D:15     | 23828 ||| Stepping ~*~*~tactically~*~*~ (stealth).
 23831 | D:15     | 23831 ||| Stepping ~*~*~tactically~*~*~ (stealth).
 23840 | D:15     | Reached skill level 18 in Fighting
 23940 | D:15     | 23940 ||| Stepping ~*~*~tactically~*~*~ (hiding).
 23942 | D:15     | 23942 ||| Stepping ~*~*~tactically~*~*~ (hiding).
 24060 | D:15     | 24060 ||| Stepping ~*~*~tactically~*~*~ (hiding).
 24082 | D:15     | 24082 ||| INVOKING Trog's Hand.
 24083 | D:15     | 24083 ||| INVOKING Berserk.
 24115 | D:15     | 24115 ||| SWAPPING to +0 morningstar.
 24116 | D:15     | Reached ***** piety under Trog
 24117 | D:15     | 24117 ||| INVOKING Brothers in Arms.
 24120 | D:15     | 24120 ||| Stepping ~*~*~tactically~*~*~ (outnumbered).
 24121 | D:15     | 24121 ||| SWAPPING to +9 broad axe "Ublefi" {vorpal, rC-
                  | Str+10}.
 24129 | D:15     | Found Luchet's Distillery.
 24138 | D:15     | 24138 ||| INVOKING Trog's Hand.
 24196 | D:15     | 24196 ||| BUYING potion of curing (54 gold).
 24196 | D:15     | Bought a potion of curing for 54 gold pieces
 24196 | D:15     | 24196 ||| BUYING potion of curing (54 gold).
 24196 | D:15     | Bought a potion of curing for 54 gold pieces
 24196 | D:15     | 24196 ||| BUYING potion of experience (900 gold).
 24196 | D:15     | Bought a potion of experience for 900 gold pieces
 24196 | D:15     | 24196 ||| BUYING potion of heal wounds (90 gold).
 24196 | D:15     | Bought a potion of heal wounds for 90 gold pieces
 24196 | D:15     | 24196 ||| BUYING potion of heal wounds (90 gold).
 24196 | D:15     | Bought a potion of heal wounds for 90 gold pieces
 24196 | D:15     | 24196 ||| BUYING potion of heal wounds (90 gold).
 24196 | D:15     | Bought a potion of heal wounds for 90 gold pieces
 24196 | D:15     | 24196 ||| BUYING potion of mutation (144 gold).
 24196 | D:15     | Bought a potion of mutation for 144 gold pieces
 24196 | D:15     | 24196 ||| BUYING potion of mutation (144 gold).
 24196 | D:15     | Bought a potion of mutation for 144 gold pieces
 24196 | D:15     | 24196 ||| DRINKING potion of experience.
 24196 | D:15     | Reached skill level 19 in Fighting
 24196 | D:15     | Reached XP level 16. HP: 160/160 MP: 15/15
 24250 | D:15     | Found a staircase to the Depths.
 24405 | D:15     | 24405 ||| Stepping ~*~*~tactically~*~*~ (stealth).
 24552 | D:15     | 24552 ||| PLANNING ORC
 24552 | D:15     | 24552 ||| READING 10 scrolls of identify.
 24552 | D:15     | 24552 ||| IDENTIFYING murky sapphire potion
 24553 | D:15     | 24553 ||| DROPPING potion of attraction.
 24659 | Orc:1    | Entered Level 1 of the Orcish Mines
 24664 | Orc:1    | 24664 ||| Stepping ~*~*~tactically~*~*~ (hiding).
 24666 | Orc:1    | 24666 ||| INVOKING Trog's Hand.
 24669 | Orc:1    | 24669 ||| INVOKING Berserk.
 24758 | Orc:1    | 24758 ||| INVOKING Trog's Hand.
 24763 | Orc:1    | 24763 ||| INVOKING Berserk.
 24766 | Orc:1    | Reached skill level 9 in Dodging
 24924 | Orc:1    | Reached XP level 17. HP: 168/168 MP: 16/16
 24936 | Orc:1    | 24936 ||| Stepping ~*~*~tactically~*~*~ (stealth).
 24944 | Orc:1    | 24944 ||| Stepping ~*~*~tactically~*~*~ (stealth).
 25022 | Orc:1    | 25022 ||| Stepping ~*~*~tactically~*~*~ (stealth).
 25025 | Orc:1    | 25025 ||| Stepping ~*~*~tactically~*~*~ (stealth).
 25031 | Orc:1    | 25031 ||| INVOKING Berserk.
 25161 | Orc:1    | 25161 ||| DROPPING +0 morningstar.
 25289 | Orc:1    | 25289 ||| Stepping ~*~*~tactically~*~*~ (stealth).
 25316 | Orc:1    | Found Uxolori's Antique Weapon Emporium.
 25534 | Orc:1    | Found a bloodstained altar of Trog.
 25577 | Orc:2    | Entered Level 2 of the Orcish Mines
 25629 | Orc:2    | 25629 ||| INVOKING Trog's Hand.
 25630 | Orc:2    | Found a staircase to the Elven Halls.
 25653 | Orc:2    | 25653 ||| FLEEEEING.
 25654 | Orc:2    | 25654 ||| FLEEEEING.
 25749 | Orc:2    | 25749 ||| Stepping ~*~*~tactically~*~*~ (stealth).
 25750 | Orc:2    | 25750 ||| Stepping ~*~*~tactically~*~*~ (stealth).
 25755 | Orc:2    | 25755 ||| FLEEEEING.
 25756 | Orc:2    | 25756 ||| FLEEEEING.
 25757 | Orc:2    | 25757 ||| FLEEEEING.
 25758 | Orc:2    | 25758 ||| FLEEEEING.
 25759 | Orc:2    | 25759 ||| FLEEEEING.
 25760 | Orc:2    | 25760 ||| FLEEEEING.
 25761 | Orc:2    | 25761 ||| FLEEEEING.
 25762 | Orc:2    | 25762 ||| FLEEEEING.
 25763 | Orc:2    | 25763 ||| FLEEEEING.
 25764 | Orc:2    | 25764 ||| FLEEEEING.
 25765 | Orc:2    | 25765 ||| FLEEEEING.
 25766 | Orc:2    | 25766 ||| FLEEEEING.
 25767 | Orc:2    | 25767 ||| FLEEEEING.
 25768 | Orc:2    | 25768 ||| STAIRDANCE
 25880 | Orc:2    | 25880 ||| STAIRDANCE
 25886 | Orc:2    | 25886 ||| Stepping ~*~*~tactically~*~*~ (hiding).
 25975 | Orc:2    | Paralysed by an orc sorcerer for 2 turns
 25977 | Orc:2    | 25977 ||| Stepping ~*~*~tactically~*~*~ (hiding).
 25995 | Orc:2    | 25995 ||| Stepping ~*~*~tactically~*~*~ (hiding).
 25996 | Orc:2    | 25996 ||| Stepping ~*~*~tactically~*~*~ (hiding).
 26016 | Orc:2    | 26016 ||| Stepping ~*~*~tactically~*~*~ (hiding).
 26125 | Orc:2    | 26125 ||| Stepping ~*~*~tactically~*~*~ (stealth).
 26195 | Orc:2    | Found Muibou Dese's Magic Scroll Shop.
 26202 | Orc:2    | 26202 ||| BUYING scroll of enchant weapon (105 gold).
 26202 | Orc:2    | Bought a scroll of enchant weapon for 105 gold pieces
 26202 | Orc:2    | 26202 ||| BUYING scroll of identify (28 gold).
 26202 | Orc:2    | Bought a scroll of identify for 28 gold pieces
 26202 | Orc:2    | 26202 ||| BUYING scroll of teleportation (42 gold).
 26202 | Orc:2    | Bought a scroll of teleportation for 42 gold pieces
 26213 | Orc:2    | 26213 ||| INVOKING Trog's Hand.
 26214 | Orc:2    | 26214 ||| Stepping ~*~*~tactically~*~*~ (hiding).
 26214 | Orc:2    | Found an ancient bone altar of Kikubaaqudgha.
 26220 | Orc:2    | Reached skill level 18 in Armour
 26221 | Orc:2    | 26221 ||| Stepping ~*~*~tactically~*~*~ (hiding).
 26244 | Orc:2    | 26244 ||| Stepping ~*~*~tactically~*~*~ (stealth).
 26247 | Orc:2    | Found Lemoossi's Antique Weapon Shop.
 26254 | Orc:2    | 26254 ||| Stepping ~*~*~tactically~*~*~ (hiding).
 26255 | Orc:2    | 26255 ||| Stepping ~*~*~tactically~*~*~ (hiding).
 26256 | Orc:2    | 26256 ||| Stepping ~*~*~tactically~*~*~ (hiding).
 26268 | Orc:2    | Noticed Erolcha
 26269 | Orc:2    | 26269 ||| INVOKING Trog's Hand.
 26274 | Orc:2    | Found a radiant altar of Vehumet.
 26278 | Orc:2    | Killed Erolcha
 26319 | Orc:2    | Found Upiha's Jewellery Boutique.
 26326 | Orc:2    | 26326 ||| BUYING ring of Xerhevos {Fly Will+ Str+3 Int-5}
                  | (478 gold).
 26326 | Orc:2    | Bought the ring of Xerhevos {Fly Will+ Str+3 Int-5} for 478
                  | gold pieces
 26347 | Orc:2    | Found Fojoc's Book Shop.
 26478 | Orc:2    | 26478 ||| INVOKING Brothers in Arms.
 26484 | Orc:2    | Reached skill level 12 in Shields
 26485 | Orc:2    | Received a gift from Trog
 26487 | Orc:2    | 26487 ||| INVOKING Berserk.
 26890 | Orc:2    | 26890 ||| PLANNING SNAKE:1-3
 26890 | Orc:2    | 26890 ||| UPGRADING to ring of Xerhevos {Fly Will+ Str+3
                  | Int-5}.
 27111 | Snake:1  | Entered Level 1 of the Snake Pit
 27140 | Snake:1  | 27140 ||| Stepping ~*~*~tactically~*~*~ (hiding).
 27147 | Snake:1  | 27147 ||| INVOKING Berserk.
 27295 | Snake:1  | 27295 ||| Stepping ~*~*~tactically~*~*~ (hiding).
 27296 | Snake:1  | 27296 ||| Stepping ~*~*~tactically~*~*~ (hiding).
 27362 | Snake:1  | 27362 ||| Stepping ~*~*~tactically~*~*~ (hiding).
 27363 | Snake:1  | 27363 ||| Stepping ~*~*~tactically~*~*~ (hiding).
 27373 | Snake:1  | 27373 ||| INVOKING Berserk.
 27485 | Snake:1  | 27485 ||| Stepping ~*~*~tactically~*~*~ (stealth).
 27487 | Snake:1  | 27487 ||| Stepping ~*~*~tactically~*~*~ (hiding).
 27608 | Snake:1  | 27608 ||| Stepping ~*~*~tactically~*~*~ (hiding).
 27612 | Snake:1  | 27612 ||| Stepping ~*~*~tactically~*~*~ (hiding).
 27728 | Snake:1  | 27728 ||| Stepping ~*~*~tactically~*~*~ (stealth).
 27729 | Snake:1  | 27729 ||| Stepping ~*~*~tactically~*~*~ (stealth).
 27737 | Snake:1  | Reached skill level 20 in Fighting
 27749 | Snake:1  | 27749 ||| Stepping ~*~*~tactically~*~*~ (stealth).
 27785 | Snake:1  | 27785 ||| Stepping ~*~*~tactically~*~*~ (hiding).
 27944 | Snake:1  | 27944 ||| Stepping ~*~*~tactically~*~*~ (stealth).
 27946 | Snake:1  | 27946 ||| Stepping ~*~*~tactically~*~*~ (hiding).
 28026 | Snake:1  | 28026 ||| Stepping ~*~*~tactically~*~*~ (hiding).
 28116 | Snake:1  | 28116 ||| Stepping ~*~*~tactically~*~*~ (hiding).
 28128 | Snake:1  | 28128 ||| Stepping ~*~*~tactically~*~*~ (hiding).
 28393 | Snake:1  | 28393 ||| Stepping ~*~*~tactically~*~*~ (hiding).
 28395 | Snake:1  | 28395 ||| Stepping ~*~*~tactically~*~*~ (hiding).
 28396 | Snake:1  | 28396 ||| Stepping ~*~*~tactically~*~*~ (hiding).
 28400 | Snake:1  | 28400 ||| Stepping ~*~*~tactically~*~*~ (hiding).
 28403 | Snake:1  | 28403 ||| Stepping ~*~*~tactically~*~*~ (hiding).
 28711 | Snake:1  | 28711 ||| DROPPING amulet of magic regeneration.
 28712 | Snake:1  | 28712 ||| READING scroll labelled HALECK VUTAN.
 28743 | Snake:2  | 28743 ||| Stepping ~*~*~tactically~*~*~ (hiding).
 28762 | Snake:2  | 28762 ||| STAIRDANCE
 28785 | Snake:2  | 28785 ||| Stepping ~*~*~tactically~*~*~ (hiding).
 28831 | Snake:2  | 28831 ||| Stepping ~*~*~tactically~*~*~ (hiding).
 28837 | Snake:2  | 28837 ||| INVOKING Berserk.
 28975 | Snake:2  | 28975 ||| Stepping ~*~*~tactically~*~*~ (hiding).
 28976 | Snake:2  | 28976 ||| Stepping ~*~*~tactically~*~*~ (hiding).
 28981 | Snake:2  | Noticed Vashnia
 28990 | Snake:2  | 28990 ||| INVOKING Berserk.
 28997 | Snake:2  | HP: 60/255 [naga sharpshooter/arrow[Vashnia] (13)]
 29002 | Snake:2  | HP: 42/255 [poisoned by a naga sharpshooter (splash of
                  | poison)]
 29004 | Snake:2  | HP: 1/255 [Vashnia/arrow (22)]
 29005 | Snake:2  | Succumbed to a naga's splash of poison

Levels and vault maps discovered:
D:1:      amcnicky_arrival_feature_with_door, layout_basic, nicolae_wormholes
D:2:      layout_loops_corners
D:3:      layout_basic, skrybe_limestone_x
D:4:      layout_loops_ring
D:5:      layout_layer_cave, uniq_sigmund
D:6:      layout_basic, nemelex_spade_bored_becter, minmay_temple_entry_ruins,
          nicolae_take_the_stairs, uniq_maggie
D:7:      layout_rooms, nicolae_hepliaklqana_hippocampus, tso_oasis_becter,
          serial_curves, eino_curves_04, eino_curves_01, eino_curves_03,
          eino_curves_04, uniq_menkaure
D:8:      layout_rooms, dk_vineyard_3, dilly_guarded_unrand_throatcut,
          uniq_erica
D:9:      layout_basic, dpeg_lair_monsters, gammafunk_ghost_cemetery,
          enter_bailey_3, minmay_sticks_and_stones
D:10:     minmay_gate_of_8, layout_gridville, kennysheep_generic_room_13
D:11:     layout_loops_ring, orc_0_dummy, vehumet_crystals
D:12:     layout_cave_pods, nicolae_splish_splash, uniq_lodul, uniq_snorg,
          uniq_rupert, uniq_maurice
D:13:     layout_roguey, david_vaults_4, uniq_jorgrun
D:14:     layout_irregular_city
D:15:     hangedman_depths_entry_civil_slaughter, layout_rooms, serial_shops,
          nicolae_diamond_shop, nicolae_eternal_life, onia_ninara_cookie
Lair:1:   layout_regular_city, basic_altar, hellmonk_guarded_unrand_vines,
          uniq_grum
Lair:2:   nzn_winding_woodlands_medium [nzn_winding_woodlands_5x5_checkerboard,
          nzn_winding_woodlands_5x15_sawtooth,
          nzn_winding_woodlands_5x5_default, nzn_winding_woodlands_5x5_three,
          nzn_winding_woodlands_center_triple_pond,
          nzn_winding_woodlands_5x5_closed_star,
          nzn_winding_woodlands_5x5_perimeter,
          nzn_winding_woodlands_5x15_crooked, nzn_winding_woodlands_5x5_cross],
          layout_gridlike, guppyfry_snake_entry_island, evilmike_ambush
          [evilmike_ambush_outer_pillars, evilmike_ambush_inner_basic]
Lair:3:   layout_concentric_octagons, elwin_shoals_entry_rooms,
          nicolae_quartered_pool_little
Lair:4:   layout_loops_ring, gammafunk_ghost_necromancy
Lair:5:   evilmike_catoblepas_cave, layout_gridlike, slime_entry_1,
          kennysheep_snail_temple
Snake:1:  layout_chambers
Snake:2:  layout_misc_corridors, uniq_vashnia, uniq_agnes
Orc:1:    layout_caves, basic_altar, serial_shops,
          nicolae_shop_advertising_works [nicolae_subvault_shop_adworks],
          trog_butcher_becter
Orc:2:    kennysheep_orc_mage_school, layout_diamond_mine, uniq_erolcha

Skill      XL: |  1  2  3  4  5  6  7  8  9 10 11 12 13 14 15 16 17 |
---------------+----------------------------------------------------+-----
Axes           | 4 5 6 7 8 10 12 13 15 18 | 18.0
Fighting       | 4 5 6 8 9 10 12 13 16 19 20 | 20.0
Shields        | 1 3 4 5 6 8 10 11 12 | 12.0
Armour         | 3 4 5 6 8 13 14 17 18 | 18.5
Throwing       | 1 2 3 4 5 |  5.0
Dodging        | 4 6 8 9 10 | 10.0

Action                   |  1- 3 |  4- 6 |  7- 9 | 10-12 | 13-15 | 16-18 || total
-------------------------+-------+-------+-------+-------+-------+-------++-------
Melee: Hand axe          |    47 |    41 |       |       |       |       ||    88
       Headbutt          |     6 |     7 |    11 |    50 |   110 |    76 ||   260
       Broad axe         |       |    23 |   114 |   254 |   436 |   333 ||  1160
       Flail             |       |       |       |    19 |    43 |       ||    62
       Morningstar       |       |       |       |       |    11 |       ||    11
Throw: Boomerang         |    53 |    33 |    63 |    67 |   108 |    39 ||   363
Invok: Berserk           |     2 |     6 |    13 |    28 |    22 |     8 ||    79
       Brothers in Arms  |       |       |       |     3 |     6 |     1 ||    10
       Trog's Hand       |       |       |       |       |     4 |     5 ||     9
  Use: Scroll            |     4 |     4 |     5 |     7 |     5 |     2 ||    27
       Potion            |     1 |     2 |       |     4 |     3 |       ||    10
 Stab: Distracted        |     1 |       |       |       |     2 |       ||     3
       Paralysed         |       |       |       |       |     2 |       ||     2
Armor: Animal skin       |     4 |       |       |       |       |       ||     4
       Leather armour    |     4 |       |       |       |       |       ||     4
       Ring mail         |       |    15 |       |       |       |       ||    15
       Plate armour      |       |    17 |    33 |   126 |   283 |    90 ||   549
Dodge: Dodged            |    20 |    28 |    25 |    81 |   212 |    89 ||   455
Block: Buckler           |       |    16 |    33 |    97 |   210 |   111 ||   467
       Reflection        |       |     2 |     4 |     1 |    31 |    21 ||    59

Table legend:
 A = Non-vault XP
 B = Vault XP
 C = Vault XP percentage of total XP
 D = Non-vault monster count
 E = Vault monster count
 F = Vault count percentage of total count
                 A         B        C        D         E       F
            +---------+---------+-------+---------+---------+-------
      Total |  112124 |   61249 |  35.3 |     545 |     159 |  22.6
            +---------+---------+-------+---------+---------+-------
        D:1 |      28 |       5 |  15.2 |      16 |       1 |   5.9
        D:2 |      46 |       0 |   0.0 |      18 |       0 |   0.0
        D:3 |     247 |       0 |   0.0 |      26 |       0 |   0.0
        D:4 |     305 |       0 |   0.0 |      15 |       0 |   0.0
        D:5 |    1330 |     226 |  14.5 |      24 |       1 |   4.0
        D:6 |     604 |     418 |  40.9 |      18 |       1 |   5.3
        D:7 |    1252 |     172 |  12.1 |      18 |       1 |   5.3
        D:8 |    1333 |    5154 |  79.5 |      31 |      19 |  38.0
        D:9 |     642 |     527 |  45.1 |      10 |       5 |  33.3
       D:10 |    1995 |       0 |   0.0 |      22 |       0 |   0.0
       D:11 |    5706 |       0 |   0.0 |      28 |       0 |   0.0
       D:12 |    7866 |    6770 |  46.3 |      24 |      14 |  36.8
       D:13 |    2114 |    3409 |  61.7 |       5 |       3 |  37.5
       D:14 |    6460 |       0 |   0.0 |      12 |       0 |   0.0
       D:15 |    7017 |   15245 |  68.5 |      13 |      25 |  65.8
     Lair:1 |    6181 |    2933 |  32.2 |      29 |       8 |  21.6
     Lair:2 |    1763 |    4861 |  73.4 |      10 |      14 |  58.3
     Lair:3 |    3495 |     779 |  18.2 |      15 |       2 |  11.8
     Lair:4 |    4105 |       0 |   0.0 |      23 |       0 |   0.0
     Lair:5 |   20655 |   12182 |  37.1 |      49 |      26 |  34.7
    Snake:1 |   15981 |       0 |   0.0 |      29 |       0 |   0.0
    Snake:2 |    6407 |     805 |  11.2 |      12 |       1 |   7.7
      Orc:1 |    6494 |     335 |   4.9 |      49 |       4 |   7.5
      Orc:2 |   10098 |    7428 |  42.4 |      49 |      34 |  41.0
            +---------+---------+-------+---------+---------+-------
